[Event "ICC tourney 1953 (60 10)"]
[Site "Internet Chess Club"]
[Date "2020.08.08"]
[Round "6"]
[White "tigeriz"]
[Black "shianen"]
[Result "1/2-1/2"]
[ICCResult "Game drawn by mutual agreement"]
[WhiteElo "2385"]
[BlackElo "2209"]
[Opening "French: Tarrasch, closed variation, main line"]
[ECO "C06"]
[NIC "FR.17"]
[Time "18:38:08"]
[TimeControl "3600+10"]

1. e4 e6 2. d4 d5 3. Nd2 Nf6 4. e5 Nfd7 5. Bd3 c5 6. c3 Nc6 7. Ne2 cxd4 8.
cxd4 f6 9. exf6 Nxf6 10. Nf3 Bd6 11. O-O Qc7 12. Bg5 O-O 13. Bh4 Nh5 14. Qc2
h6 15. Bh7+ Kh8 16. Bg6 Rxf3 17. Bxh5 Rf8 18. Bg3 Bd7 19. Rac1 Be8 20. Bf3
Rf6 21. Qd2 Bg6 22. Rfe1 Raf8 23. Nc3 Bxg3 24. hxg3 Qf7 25. Re3 Qd7 26. Rce1
Nb4 27. R1e2 Nc6 28. Bg4 Bf5 29. Bxf5 Rxf5 30. Rxe6 Kg8 31. R6e3 Qf7 32. f4
g5 33. Re6 gxf4 34. gxf4 Rxf4 35. Rxh6 Rg4 36. Rf2 Qxf2+ 37. Qxf2 Rxf2 38.
Kxf2 Rxd4 39. Ke2 Rg4 40. Kf2 Rd4 41. Ke2 Rg4 42. Kf2
{Game drawn by mutual agreement}
1/2-1/2

[Event "ICC tourney 1953 (60 10)"]
[Site "Internet Chess Club"]
[Date "2020.08.08"]
[Round "6"]
[White "JULIANESTRADA"]
[Black "Segev"]
[Result "0-1"]
[ICCResult "White forfeits on time"]
[WhiteElo "2280"]
[BlackElo "2203"]
[Opening "Sicilian: Canal-Sokolsky (Nimzovich-Rossolimo, Moscow) attack"]
[ECO "B51"]
[NIC "SI.01"]
[Time "18:38:10"]
[TimeControl "3600+10"]

1. e4 c5 2. Nf3 d6 3. Bb5+ Nd7 4. O-O a6 5. Bxd7+ Bxd7 6. d4 cxd4 7. Qxd4 e5
8. Qd3 h6 9. Nc3 Nf6 10. a4 Rc8 11. Rd1 Be7 12. Nd2 Be6 13. Nf1 Rc4 14. Be3
Ng4 15. a5 Nxe3 16. Nxe3 Rb4 17. b3 Rd4 18. Qe2 Rxd1+ 19. Qxd1 O-O 20. Ncd5
Bg5 21. g3 Bh3 22. g4 h5 23. gxh5 Bxe3 24. Nxe3 Qg5+ 25. Kh1 Qf4 26. Qe2
Qxe4+ 27. f3 Qh4 28. Ra4 Qxh5 29. Qf2 Be6 30. Rb4 d5 31. Rxb7 d4 32. Nc4 Bd5
33. Rd7 Bxf3+ 34. Kg1 Qg4+ 35. Qg3 Qxd7 36. Nxe5 Qa7 {White forfeits on
time} 0-1

[Event "ICC tourney 1953 (60 10)"]
[Site "Internet Chess Club"]
[Date "2020.08.08"]
[Round "6"]
[White "LW-PE"]
[Black "StayCalm"]
[Result "0-1"]
[ICCResult "White checkmated"]
[WhiteElo "1535"]
[BlackElo "2172"]
[Opening "Sicilian: Najdorf, 6...e6"]
[ECO "B95"]
[NIC "SI.04"]
[Time "18:43:57"]
[TimeControl "3600+10"]

1. e4 c5 2. Nf3 d6 3. d4 cxd4 4. Nxd4 Nf6 5. Nc3 a6 6. Bg5 e6 7. Qd2 Be7 8.
O-O-O Qc7 9. f4 Nc6 10. Kb1 Bd7 11. h3 O-O-O 12. f5 Ne5 13. Be3 Kb8 14. Qf2
Rc8 15. Bd3 Nc4 16. Bxc4 Qxc4 17. g4 e5 18. Nb3 Nxe4 19. Nxe4 Qxe4 20. Rhe1
Qa4 21. Rd5 Bb5 22. Rc1 Bc4 23. Ra5 Qc6 24. Qg3 f6 25. Nd2 Bf7 26. c4 d5 27.
c5 Bd8 28. Ra3 Bc7 29. Nb3 d4 30. Bd2 Bxb3 31. Qxb3 e4 32. Rc4 e3 33. Be1
Be5 34. Ra5 Qh1 35. Rc1 Qe4+ 36. Ka1 d3 37. Rd1 d2 38. Bxd2 exd2 39. Rxd2
Rhd8 40. Rd1 Rxd1+ 41. Qxd1 Qb4 42. Ra3 Qxb2# {White checkmated} 0-1

[Event "ICC tourney 1953 (60 10)"]
[Site "Internet Chess Club"]
[Date "2020.08.08"]
[Round "6"]
[White "joebobpop"]
[Black "PawnEatingZombi"]
[Result "1-0"]
[ICCResult "Black resigns"]
[WhiteElo "2267"]
[BlackElo "2169"]
[Opening "Caro-Kann: classical variation"]
[ECO "B18"]
[NIC "CK.10"]
[Time "18:38:19"]
[TimeControl "3600+10"]

1. e4 c6 2. d4 d5 3. Nc3 dxe4 4. Nxe4 Bf5 5. Ng3 Bg6 6. N1e2 e6 7. Nf4 Qc7
8. c3 Nf6 9. h4 Bd6 10. Qf3 Nbd7 11. Be3 e5 12. Nxg6 hxg6 13. Bc4 exd4 14.
Bxd4 c5 15. Bxf6 Nxf6 16. Bb5+ Kf8 17. O-O-O Rd8 18. Kb1 a6 19. Ba4 b5 20.
Bc2 Bxg3 21. fxg3 Kg8 22. Rdf1 Rh5 23. g4 Rhd5 24. h5 gxh5 25. gxh5 R8d6 26.
h6 g6 27. g4 Nh7 28. Re1 Qd8 29. Rh2 Qf8 30. Qf4 Rd8 31. Rhe2 R5d7 32. Re5
Qd6 33. Re8+ Nf8 34. h7+ Kh8 35. Qh6 Rxe8 36. Rxe8 Rd8 37. Re2 Qf6 38. Qh1
Qf4 39. Re7 Nxh7 40. Bxg6 Rd1+ 41. Qxd1 {Black resigns} 1-0

[Event "ICC tourney 1953 (60 10)"]
[Site "Internet Chess Club"]
[Date "2020.08.08"]
[Round "6"]
[White "MichaelIC"]
[Black "Aryangambit"]
[Result "0-1"]
[ICCResult "White forfeits on time"]
[WhiteElo "2116"]
[BlackElo "2098"]
[Opening "Sicilian: dragon variation"]
[ECO "B70"]
[NIC "SI.15"]
[Time "18:38:26"]
[TimeControl "3600+10"]

1. e4 c5 2. Nf3 d6 3. d4 cxd4 4. Nxd4 Nf6 5. Nc3 g6 6. g3 Bg7 7. Bg2 O-O 8.
O-O Nc6 9. Nde2 Rb8 10. a4 a6 11. Nd5 Nxd5 12. exd5 Ne5 13. Nd4 Qb6 14. c3
Bg4 15. f3 Bd7 16. a5 Qa7 17. Kh1 Qc5 18. Re1 Bf6 19. Be3 Qc7 20. Bg1 b6 21.
axb6 Rxb6 22. Qc2 Rfb8 23. b3 Rc8 24. f4 Ng4 25. c4 Nh6 26. Rab1 Rbb8 27.
Rec1 Nf5 28. Nxf5 Bxf5 29. Be4 Bxe4+ 30. Qxe4 a5 31. Qc2 Qb7 32. Be3 e6 33.
Qd3 exd5 34. cxd5 Rxc1+ 35. Bxc1 Rc8 36. Ba3 Kg7 37. Qe4 Qa6 38. Kg2 a4 39.
Bb2 Bxb2 40. Rxb2 axb3 41. Qd4+ f6 42. Rxb3 Rc2+ 43. Kg1 Qe2
{White forfeits on time}
0-1

[Event "ICC tourney 1953 (60 10)"]
[Site "Internet Chess Club"]
[Date "2020.08.08"]
[Round "6"]
[White "Sparta250"]
[Black "tactics321"]
[Result "1/2-1/2"]
[ICCResult "Game drawn by mutual agreement"]
[WhiteElo "2715"]
[BlackElo "2571"]
[Opening "Sicilian: Sozin, Benkö variation"]
[ECO "B57"]
[NIC "SI.25"]
[Time "18:38:24"]
[TimeControl "3600+10"]

1. e4 c5 2. Nf3 Nc6 3. d4 cxd4 4. Nxd4 Nf6 5. Nc3 d6 6. Bc4 Qb6 7. Nb3 e6 8.
Be3 Qc7 9. Be2 Be7 10. f4 a6 11. a4 b6 12. O-O Bb7 13. Bf3 Nb4 14. f5 e5 15.
Rf2 Bc6 16. Rd2 Qb7 17. a5 b5 18. Nd4 exd4 19. Rxd4 O-O-O 20. Nd5 Nbxd5 21.
exd5 Bd7 22. Rb4 Kb8 23. c4 Rc8 24. Be2 Ka8 25. cxb5 Bxb5 26. Qb3 Rb8 27.
Rxb5 axb5 28. a6 Qd7 29. Ra5 Qxf5 30. Rxb5 Ng4 31. Rb7 Qb1+ 32. Bf1 Nxe3 33.
Qxe3 Rxb7 34. axb7+ Kb8 35. Qa3 Qc1 36. Qa8+ Kc7 37. Qxh8 Kxb7 38. Qe8 Bf6
{Game drawn by mutual agreement}
1/2-1/2

[Event "ICC tourney 1953 (60 10)"]
[Site "Internet Chess Club"]
[Date "2020.08.08"]
[Round "6"]
[White "rhungaski"]
[Black "dabbindino"]
[Result "1-0"]
[ICCResult "Black resigns"]
[WhiteElo "2595"]
[BlackElo "2288"]
[Opening "QGD: exchange, positional line"]
[ECO "D35"]
[NIC "QO.16"]
[Time "18:38:21"]
[TimeControl "3600+10"]

1. d4 Nf6 2. c4 e6 3. Nc3 d5 4. cxd5 exd5 5. Bg5 Be7 6. e3 O-O 7. Bd3 c6 8.
Qc2 Nbd7 9. Nf3 Re8 10. O-O h6 11. Bf4 Bf8 12. h3 a5 13. Bh2 b5 14. Rad1 Bb7
15. Kh1 Rc8 16. Ne5 b4 17. Ne2 c5 18. Nxd7 Nxd7 19. dxc5 Nxc5 20. Bh7+ Kh8
21. Bf5 Ne6 22. Qd2 Qf6 23. Bg4 Rcd8 24. Nd4 Nxd4 25. exd4 Bd6 26. Bxd6 Qxd6
27. Rc1 Bc8 28. Bf3 Bf5 29. Rc5 Be4 30. Bd1 Ra8 31. Ba4 Rec8 32. Rfc1 Rxc5
33. Rxc5 Qe6 34. Qe3 Rc8 35. Rxa5 Qb6 36. Rc5 Rxc5 37. dxc5 Qa6 38. f3 Qxa4
39. fxe4 Qxa2 40. c6 Qc4 41. exd5 Qxd5 42. Qc1 Qd8 43. c7 Qc8 44. Qc5 Kh7
45. b3 Kg8 46. Qb6 {Black resigns} 1-0

[Event "ICC tourney 1953 (60 10)"]
[Site "Internet Chess Club"]
[Date "2020.08.08"]
[Round "6"]
[White "spriteball"]
[Black "binomialfactor"]
[Result "1-0"]
[ICCResult "Black resigns"]
[WhiteElo "2297"]
[BlackElo "2169"]
[Opening "QGD: classical variation (5.Bf4)"]
[ECO "D31"]
[NIC "QO.03"]
[Time "18:38:06"]
[TimeControl "3600+10"]

1. c4 e6 2. Nc3 d5 3. d4 Be7 4. Nf3 Nf6 5. Bf4 O-O 6. e3 c5 7. dxc5 Bxc5 8.
Qc2 dxc4 9. Bxc4 Nbd7 10. O-O a6 11. Bd3 b6 12. Ne4 Bb7 13. Nxc5 Nxc5 14.
Be2 Qe7 15. b3 Be4 16. Qb2 Nd5 17. Be5 f6 18. Bg3 Bd3 19. Bxd3 Nxd3 20. Qd4
N3b4 21. e4 e5 22. Qd2 Nc7 23. a3 Nc6 24. Qc3 Nd8 25. Rfd1 Nce6 26. b4 b5
27. Rac1 Nf7 28. Qc6 Ra7 29. h3 Nfg5 30. Nxg5 Nxg5 31. f3 Raa8 32. Rd7 Qe8
33. Qb7 Rf7 34. Rxf7 Nxf7 35. Rc7 Rd8 36. Bf2 Qe6 37. Bb6 h5 38. Kh2 Rd6 39.
Bc5 Rd3 40. Qa8+ Rd8 41. Qb7 Rd3 42. Re7 Qa2 43. Qc8+ Rd8 44. Qf5 Ng5 45. h4
Nf7 46. Qxh5 Rf8 47. Qg6 Qc4 48. Ra7 Re8 49. h5 f5 50. h6 {Black resigns}
1-0

[Event "ICC tourney 1953 (60 10)"]
[Site "Internet Chess Club"]
[Date "2020.08.08"]
[Round "6"]
[White "espark"]
[Black "Venom2020"]
[Result "1-0"]
[ICCResult "Black forfeits on time"]
[WhiteElo "2313"]
[BlackElo "2103"]
[Opening "Sicilian: accelerated fianchetto, Breyer variation"]
[ECO "B39"]
[NIC "SI.33"]
[Time "18:38:09"]
[TimeControl "3600+10"]

1. e4 c5 2. Nf3 Nc6 3. d4 cxd4 4. Nxd4 g6 5. c4 Bg7 6. Be3 Nf6 7. Nc3 Ng4 8.
Qxg4 Nxd4 9. Qd1 Ne6 10. Rc1 Qa5 11. Qd2 b6 12. Bd3 Bb7 13. O-O d6 14. f4
O-O 15. Bb1 Rac8 16. Nd5 Bxd5 17. exd5 Qxd2 18. Bxd2 Bd4+ 19. Kh1 Nc5 20. b4
Nd7 21. Rfe1 Bb2 22. Rc2 Bf6 23. a3 Rc7 24. Ba2 Rfc8 25. Bb3 b5 26. Rec1
bxc4 27. Rxc4 Rxc4 28. Rxc4 Rxc4 29. Bxc4 Nb6 30. Bb3 Bd4 31. g4 Kf8 32. Kg2
Ke8 33. a4 Kd8 34. a5 Nd7 35. Kf3 Nf6 36. h3 Kc7 37. Bc4 h5 38. g5 Ne8 39.
Ke4 Bf2 40. Bc3 Kd8 41. f5 gxf5+ 42. Kxf5 Nc7 43. g6 fxg6+ 44. Kxg6 h4 45.
Kf7 Bg3 46. Bd2 Kd7 47. Bb3 Be5 48. Ba4+ Kd8 49. Bc6 Bf6 50. b5 Kc8 51. Be3
Kb8 52. a6 Na8 53. Bxa8 Kxa8 54. Ke6 Kb8 55. Kd7 Ka8 56. Bh6 Kb8 57. Bf8
{Black forfeits on time}
1-0

[Event "ICC tourney 1953 (60 10)"]
[Site "Internet Chess Club"]
[Date "2020.08.08"]
[Round "6"]
[White "Falstaf"]
[Black "Enamul"]
[Result "0-1"]
[ICCResult "White resigns"]
[WhiteElo "2643"]
[BlackElo "2523"]
[Opening "Queen's pawn game"]
[ECO "A46"]
[NIC "QP.05"]
[Time "18:38:47"]
[TimeControl "3600+10"]

1. d4 Nf6 2. Nf3 e6 3. Bf4 d5 4. e3 Bd6 5. Ne5 O-O 6. Nd2 c5 7. c3 Qc7 8.
Bd3 Nc6 9. Ndf3 cxd4 10. cxd4 Qa5+ 11. Kf1 Nb4 12. Be2 Ne4 13. a3 Nc6 14.
Bd3 Ne7 15. Rc1 f6 16. Bxe4 dxe4 17. Nc4 Qd8 18. Nxd6 exf3 19. gxf3 Ng6 20.
Bg3 Qe7 21. h4 Rd8 22. h5 Nf8 23. Nxc8 Raxc8 24. Kg2 h6 25. Qb3 Qf7 26. Rc3
Rxc3 27. Qxc3 Nh7 28. Qc5 a6 29. Rc1 Ng5 30. f4 Ne4 31. Qc7 Rd7 32. Qb8+ Kh7
33. Rc8 Qxh5 34. Rh8+ Kg6 35. Qe8+ Rf7 36. Qxe6 Nd2 37. Qh3 Qd5+ 38. Kg1 f5
39. Rc8 Nf3+ 40. Kf1 Qb5+ 41. Kg2 Ne1+ 42. Kg1 Nf3+ 43. Kg2 Ne1+ 44. Kg1
Qxb2 45. Qf1 Qb1 46. Qe2 Nf3+ 47. Kg2 Qg1+ {White resigns} 0-1

[Event "ICC tourney 1953 (60 10)"]
[Site "Internet Chess Club"]
[Date "2020.08.08"]
[Round "6"]
[White "MasterZachary"]
[Black "SAO"]
[Result "0-1"]
[ICCResult "White checkmated"]
[WhiteElo "2299"]
[BlackElo "2597"]
[Opening "French: Burn variation"]
[ECO "C11"]
[NIC "FR.05"]
[Time "18:38:18"]
[TimeControl "3600+10"]

1. e4 e6 2. d4 d5 3. Nc3 Nf6 4. Bg5 dxe4 5. Nxe4 Nbd7 6. Nf3 h6 7. Bxf6 Nxf6
8. Bd3 Nxe4 9. Bxe4 c5 10. O-O cxd4 11. Nxd4 Bc5 12. Nf3 Qc7 13. Qe2 O-O 14.
a3 a5 15. Rad1 Ra6 16. Bd3 Rb6 17. c3 Be7 18. Ne5 Rd8 19. Qh5 Bg5 20. f4 Bf6
21. Ng4 Be7 22. Qxa5 Qc5+ 23. Qxc5 Bxc5+ 24. Kh1 Rbd6 25. Be2 f6 26. h3 Rd2
27. Bf3 Bb6 28. b3 Rc2 29. Ne3 Rxd1 30. Nxd1 Kf8 31. Re1 Bc7 32. Re4 b5 33.
Rd4 Ke7 34. Bc6 e5 35. fxe5 Bxe5 36. Ne3 Rb2 37. Rd1 Rxb3 38. a4 bxa4 39.
Bxa4 Ra3 40. Bc2 Be6 41. Bg6 Rxc3 42. Nf5+ Bxf5 43. Bxf5 Bg3 44. Kg1 Re3 45.
Kh1 Re5 46. Bd3 f5 47. Rf1 f4 48. Bc2 Kf6 49. Bd1 Kg5 50. Bg4 h5 51. Bc8 Kh4
52. Kg1 g5 53. Kh1 Rc5 54. Bd7 g4 55. Kg1 Rd5 56. Be6 Rd2 57. Bc8 Kg5 58.
Be6 Rd6 59. Bc8 Rc6 60. Bd7 Rc7 61. Be6 Kf6 62. Bd5 Re7 63. Bc6 Kg5 64. Bd5
Kh4 65. hxg4 hxg4 66. Rd1 Re3 67. Rf1 Rd3 68. Be6 Rd2 69. Bc8 Kg5 70. Rb1
Bf2+ 71. Kf1 Be3 72. Bb7 Kh4 73. Rb5 Kg3 74. Rb3 Rf2+ 75. Ke1 Rxg2 76. Bxg2
Kxg2 77. Ke2 Bg1 78. Rb4 f3+ 79. Kd2 g3 80. Rf4 Bc5 81. Rf5 f2 82. Ke2 Kg1
83. Rf3 g2 84. Rxf2 Bxf2 85. Kf3 Kf1 86. Kg4 g1=Q+ 87. Kh3 Qg3#
{White checkmated}
0-1

[Event "ICC tourney 1953 (60 10)"]
[Site "Internet Chess Club"]
[Date "2020.08.09"]
[Round "7"]
[White "JosephLevine"]
[Black "Qigongmaster"]
[Result "1-0"]
[ICCResult "Black resigns"]
[WhiteElo "2185"]
[BlackElo "2179"]
[Opening "Petrov: Nimzovich attack"]
[ECO "C42"]
[NIC "RG.03"]
[Time "12:03:56"]
[TimeControl "3600+10"]

1. e4 e5 2. Nf3 Nf6 3. Nxe5 d6 4. Nf3 Nxe4 5. Nc3 Nxc3 6. dxc3 Be7 7. Bf4
Nd7 8. Bd3 Nc5 9. h3 Nxd3+ 10. Qxd3 O-O 11. O-O-O b6 12. h4 Bg4 13. Ng5 g6
14. f3 Bf5 15. Qd2 h6 16. g4 hxg5 17. hxg5 Bxg4 18. fxg4 Kg7 19. Rh7+ Kxh7
20. Qh2+ {Black resigns} 1-0

[Event "ICC tourney 1953 (60 10)"]
[Site "Internet Chess Club"]
[Date "2020.08.09"]
[Round "7"]
[White "bpovo1394"]
[Black "chessmagic22"]
[Result "0-1"]
[ICCResult "White resigns"]
[WhiteElo "2106"]
[BlackElo "2262"]
[Opening "Sicilian: accelerated fianchetto, Maróczy bind, 6.Be3"]
[ECO "B38"]
[NIC "SI.33"]
[Time "12:04:34"]
[TimeControl "3600+10"]

1. e4 c5 2. Nf3 Nc6 3. d4 cxd4 4. Nxd4 g6 5. c4 Bg7 6. Be3 Nf6 7. Nc3 d6 8.
Be2 O-O 9. f3 Bd7 10. O-O Nxd4 11. Bxd4 a5 12. b3 Bc6 13. Qd2 Nd7 14. Be3
Nc5 15. Rab1 e6 16. Rfd1 Be5 17. g3 Qe7 18. a3 Rfd8 19. b4 axb4 20. axb4 Na4
21. Na2 d5 22. exd5 exd5 23. c5 d4 24. Bg5 f6 25. Bh6 Bd5 26. f4 Bc7 27. f5
Qe4 {White resigns} 0-1

[Event "ICC tourney 1953 (60 10)"]
[Site "Internet Chess Club"]
[Date "2020.08.09"]
[Round "7"]
[White "frisco"]
[Black "Terry1234"]
[Result "1-0"]
[ICCResult "Black resigns"]
[WhiteElo "2488"]
[BlackElo "2222"]
[Opening "King's Indian: fianchetto, Yugoslav Panno"]
[ECO "E66"]
[NIC "KI.67"]
[Time "12:03:50"]
[TimeControl "3600+10"]

1. d4 Nf6 2. Nf3 g6 3. c4 Bg7 4. g3 O-O 5. Bg2 d6 6. O-O c5 7. Nc3 Nc6 8. d5
Na5 9. Nd2 a6 10. Qc2 Rb8 11. a4 Bd7 12. b3 b5 13. axb5 axb5 14. cxb5 Bxb5
15. Qa2 Nxd5 16. Nxd5 Bxa1 17. Qxa1 Nc6 18. Nf3 f6 19. Bh6 Re8 20. Nc3 Ne5
21. Nxe5 dxe5 22. Nxb5 Rxb5 23. Bc6 Rb6 24. Bxe8 Qxe8 25. Be3 Qb5 26. Qa8+
Kg7 27. Qd8 Rb7 28. Qd5 Qxb3 29. Qxc5 Qe6 30. Qc2 Rd7 31. Rd1 Rxd1+ 32. Qxd1
g5 33. Bc5 Kf7 34. e4 {Black resigns} 1-0

[Event "ICC tourney 1953 (60 10)"]
[Site "Internet Chess Club"]
[Date "2020.08.09"]
[Round "7"]
[White "InfernoKing"]
[Black "Dking135799"]
[Result "0-1"]
[ICCResult "White resigns"]
[WhiteElo "2123"]
[BlackElo "2245"]
[Opening "Giuoco Pianissimo"]
[ECO "C50"]
[NIC "IG.02"]
[Time "12:04:00"]
[TimeControl "3600+10"]

1. e4 e5 2. Bc4 Nc6 3. Nf3 Bc5 4. d3 Nf6 5. O-O O-O 6. h3 d6 7. c3 a6 8. a4
Ba7 9. Re1 h6 10. Nbd2 Re8 11. Nf1 Be6 12. Bxe6 Rxe6 13. Be3 Bxe3 14. Nxe3
d5 15. exd5 Nxd5 16. Nc4 Nf4 17. Ncxe5 Nxe5 18. Rxe5 Rxe5 19. Nxe5 Qg5 20.
Ng4 h5 21. Ne3 Nxh3+ 22. Kf1 Nf4 23. g3 Ng6 24. d4 Re8 25. Qf3 h4 26. Re1
Re6 27. Qf5 Qh6 28. Qf3 hxg3 29. fxg3 Rf6 30. Nf5 Qh3+ 31. Kg1 Rxf5 32. Qg2
Qxg2+ 33. Kxg2 Kf8 34. Re2 Rf6 35. Re1 Re6 36. Rf1 Re2+ 37. Rf2 Rxf2+ 38.
Kxf2 Ke7 39. Ke3 Ke6 40. g4 f5 41. gxf5+ Kxf5 42. c4 Nf4 43. b4 g5 44. b5 a5
45. d5 Ke5 {White resigns} 0-1

[Event "ICC tourney 1953 (60 10)"]
[Site "Internet Chess Club"]
[Date "2020.08.09"]
[Round "7"]
[White "Yoes"]
[Black "jsl1996"]
[Result "1/2-1/2"]
[ICCResult "Game drawn by mutual agreement"]
[WhiteElo "2712"]
[BlackElo "2623"]
[Opening "Catalan: open, 5.Nf3"]
[ECO "E04"]
[NIC "CA.03"]
[Time "12:04:01"]
[TimeControl "3600+10"]

1. d4 Nf6 2. Nf3 d5 3. c4 e6 4. g3 dxc4 5. Bg2 a6 6. Ne5 Bb4+ 7. Nc3 Nd5 8.
Bd2 Nb6 9. e3 N8d7 10. Nxd7 Qxd7 11. O-O O-O 12. Ne4 a5 13. Qc2 Rd8 14. Rfc1
h6 15. a3 Bxd2 16. Nxd2 e5 17. Nxc4 Nxc4 18. Qxc4 exd4 19. exd4 c6 20. Re1
{Game drawn by mutual agreement}
1/2-1/2

[Event "ICC tourney 1953 (60 10)"]
[Site "Internet Chess Club"]
[Date "2020.08.09"]
[Round "7"]
[White "nicochasin"]
[Black "speedskater"]
[Result "0-1"]
[ICCResult "White resigns"]
[WhiteElo "2382"]
[BlackElo "2649"]
[Opening "French: Winawer, advance variation"]
[ECO "C16"]
[NIC "FR.09"]
[Time "12:04:03"]
[TimeControl "3600+10"]

1. e4 e6 2. d4 d5 3. Nc3 Bb4 4. e5 Ne7 5. Qg4 c5 6. a3 Qa5 7. Rb1 Bxc3+ 8.
bxc3 Qxc3+ 9. Bd2 Qxc2 10. Rc1 Qg6 11. Qxg6 hxg6 12. Rxc5 b6 13. Rc1 Ba6 14.
Bxa6 Nxa6 15. g4 Kd7 16. Ke2 Rac8 17. Nf3 Rxc1 18. Rxc1 Rc8 19. Rxc8 Nxc8
20. a4 Ne7 21. h4 Nc6 22. Kd3 Nc7 23. h5 gxh5 24. gxh5 b5 25. axb5 Nxb5 26.
Bg5 Ke8 27. Be3 a5 28. Kc2 a4 29. Kb2 Na5 30. Nd2 Kf8 31. Ka2 Kg8 32. Kb2
Nc6 33. Nf3 Nb4 34. Ne1 Kh7 35. Bd2 Nc6 {White resigns} 0-1

[Event "ICC tourney 1953 (60 10)"]
[Site "Internet Chess Club"]
[Date "2020.08.09"]
[Round "7"]
[White "YKQ"]
[Black "jy2020"]
[Result "1-0"]
[ICCResult "Black resigns"]
[WhiteElo "2549"]
[BlackElo "2237"]
[Opening "Sicilian: closed"]
[ECO "B23"]
[NIC "SI.44"]
[Time "12:03:50"]
[TimeControl "3600+10"]

1. e4 c5 2. Nc3 d6 3. f4 g6 4. Nf3 Bg7 5. Bb5+ Bd7 6. Bc4 e6 7. d4 cxd4 8.
Nxd4 a6 9. Bb3 Nc6 10. Be3 Nge7 11. O-O O-O 12. Kh1 Na5 13. Qd2 Nxb3 14.
axb3 Qc7 15. Rad1 Rad8 16. f5 exf5 17. Bh6 Qc8 18. exf5 Bxf5 19. Nd5 Nxd5
20. Nxf5 Bxh6 21. Qxh6 gxf5 22. Rf3 f4 23. Rxd5 f5 24. Qxf4 Qxc2 25. Rg3+
Kh8 26. Qd4+ {Black resigns} 1-0

[Event "ICC tourney 1953 (60 10)"]
[Site "Internet Chess Club"]
[Date "2020.08.09"]
[Round "7"]
[White "funplaychess"]
[Black "woodychess"]
[Result "1-0"]
[ICCResult "Black checkmated"]
[WhiteElo "2378"]
[BlackElo "2193"]
[Opening "QGD semi-Slav: accelerated Meran (Alekhine variation)"]
[ECO "D45"]
[NIC "SL.08"]
[Time "12:04:02"]
[TimeControl "3600+10"]

1. d4 d5 2. c4 c6 3. Nf3 Nf6 4. Nc3 e6 5. e3 a6 6. Qc2 c5 7. cxd5 exd5 8.
Be2 Nc6 9. O-O Bg4 10. Rd1 Nb4 11. Qd2 Ne4 12. Nxe4 dxe4 13. Ne5 Bxe2 14.
Qxe2 Qd5 15. a3 Nc6 16. Nxc6 Qxc6 17. dxc5 Bxc5 18. b4 Be7 19. Bb2 O-O 20.
Qg4 Qg6 21. Qd7 Rae8 22. Qxb7 h5 23. Rac1 h4 24. h3 Bg5 25. Rc6 Re6 26. Rxe6
Qxe6 27. Rd4 Re8 28. Qd7 Bf6 29. Qxe6 Rxe6 30. Rd2 Bxb2 31. Rxb2 Rd6 32. a4
Rd1+ 33. Kh2 Ra1 34. b5 axb5 35. axb5 Ra7 36. b6 Rb7 37. g3 g5 38. gxh4 gxh4
39. Rb4 f5 40. Rb5 Kg7 41. Rxf5 Rxb6 42. Rf4 Rf6 43. Rxf6 Kxf6 44. Kg2 Ke5
45. f4+ exf3+ 46. Kxf3 Kf5 47. e4+ Ke5 48. Ke3 Ke6 49. Kf4 Kf6 50. Kg4 Ke5
51. Kxh4 Kxe4 52. Kg5 Ke5 53. h4 Ke6 54. Kg6 Ke7 55. Kg7 Ke6 56. h5 Kf5 57.
h6 Kg5 58. h7 Kf5 59. h8=Q Kg5 60. Qh6+ Kf5 61. Qf6+ Kg4 62. Qe5 Kf3 63. Qd4
Ke2 64. Qc3 Kd1 65. Qb2 Ke1 66. Kf6 Kd1 67. Qf2 Kc1 68. Qe2 Kb1 69. Qd2 Ka1
70. Ke5 Kb1 71. Kd4 Ka1 72. Kc3 Kb1 73. Kb3 Ka1 74. Qd1# {Black checkmated}
1-0

[Event "ICC tourney 1953 (60 10)"]
[Site "Internet Chess Club"]
[Date "2020.08.09"]
[Round "7"]
[White "Plato"]
[Black "Rafael"]
[Result "0-1"]
[ICCResult "White resigns"]
[WhiteElo "2048"]
[BlackElo "2204"]
[Opening "Pirc: classical system, 5.Be2"]
[ECO "B07"]
[NIC "PU.03"]
[Time "12:03:53"]
[TimeControl "3600+10"]

1. e4 d6 2. d4 g6 3. Nc3 Bg7 4. Be2 Nf6 5. Nf3 O-O 6. O-O e5 7. dxe5 dxe5 8.
Qxd8 Rxd8 9. Bg5 Re8 10. Rad1 Bg4 11. Rfe1 Nc6 12. Bxf6 Bxf6 13. Nd5 Bd8 14.
c3 a6 15. Nd2 Be6 16. a4 Kg7 17. Bc4 Na5 18. Bf1 c6 19. Ne3 b5 20. b4 Nb7
21. axb5 axb5 22. Ra1 Bb6 23. Be2 Red8 24. Nf3 f6 25. h4 Kf7 26. Kf1 Ke7 27.
Rec1 Nd6 28. Nd2 Ne8 29. Ke1 Nd6 30. Bd1 f5 31. Bf3 f4 32. Ng4 Nf7 33. Nf1
h5 34. Ngh2 c5 35. bxc5 Bxc5 36. Be2 Nd6 37. Nd2 Ra4 38. Bd1 Raa8 39. Nhf3
Kf6 40. Ng5 Bg8 41. Bb3 Nc4 42. Nxc4 bxc4 43. Bc2 Ba3 44. Rd1 Bb2 45. Rxa8
Bxc3+ 46. Ke2 Rxa8 47. Rd6+ Kg7 48. Rd7+ Kh6 49. Bd1 Ra2+ 50. Kf3 Bd4 51.
Be2 Ra3+ {White resigns} 0-1

[Event "ICC tourney 1953 (60 10)"]
[Site "Internet Chess Club"]
[Date "2020.08.09"]
[Round "7"]
[White "GolddenPig"]
[Black "BrainOnFire"]
[Result "0-1"]
[ICCResult "White checkmated"]
[WhiteElo "1819"]
[BlackElo "2091"]
[Opening "Ruy Lopez: Worrall attack, solid line"]
[ECO "C78"]
[NIC "RL.12"]
[Time "12:03:52"]
[TimeControl "3600+10"]

1. e4 e5 2. Nf3 Nc6 3. Bb5 a6 4. Ba4 Nf6 5. O-O b5 6. Bb3 Be7 7. Qe2 d6 8.
c3 O-O 9. Rd1 Na5 10. Bc2 c5 11. d4 Qc7 12. Bg5 Bg4 13. h3 Bxf3 14. gxf3 Nh5
15. f4 Bxg5 16. fxg5 Nf4 17. Qg4 cxd4 18. Bd3 f6 19. cxd4 fxg5 20. dxe5 dxe5
21. Nc3 h5 22. Qg3 Qf7 23. Nd5 Rad8 24. Nb4 Rxd3 25. Nxd3 Ne2+ 26. Kg2 Nxg3
27. f3 h4 28. Nxe5 Qc7 29. Ng4 Qc2+ 30. Nf2 Nxe4 31. fxe4 Rxf2+ 32. Kg1 Rg2+
33. Kh1 Rh2+ 34. Kg1 Qg2# {White checkmated} 0-1

[Event "ICC tourney 1953 (60 10)"]
[Site "Internet Chess Club"]
[Date "2020.08.09"]
[Round "7"]
[White "penguinwizard"]
[Black "AZTAC"]
[Result "0-1"]
[ICCResult "White resigns"]
[WhiteElo "2087"]
[BlackElo "2232"]
[Opening "King's Indian: 4.e4"]
[ECO "E70"]
[NIC "KI.31"]
[Time "12:04:02"]
[TimeControl "3600+10"]

1. d4 Nf6 2. c4 g6 3. Nc3 Bg7 4. e4 d6 5. Bd3 O-O 6. Nge2 c5 7. d5 e6 8. O-O
Na6 9. f4 exd5 10. exd5 Re8 11. h3 Nc7 12. Ng3 b5 13. Nxb5 Nxb5 14. cxb5
Nxd5 15. Be4 Bd4+ 16. Kh2 Bb7 17. Qb3 Rxe4 18. Nxe4 Qe7 19. Ng3 Nf6 20. Bd2
Ng4+ 21. Kh1 Qh4 22. Rf3 c4 23. Qd1 Nf2+ 24. Rxf2 Qxh3+ {White resigns} 0-1

[Event "ICC tourney 1953 (60 10)"]
[Site "Internet Chess Club"]
[Date "2020.08.09"]
[Round "7"]
[White "savchess06"]
[Black "largecrab"]
[Result "0-1"]
[ICCResult "White checkmated"]
[WhiteElo "2079"]
[BlackElo "2206"]
[Opening "Sicilian: accelerated fianchetto, Maróczy bind"]
[ECO "B36"]
[NIC "SI.33"]
[Time "12:04:31"]
[TimeControl "3600+10"]

1. e4 c5 2. Nf3 Nc6 3. d4 cxd4 4. Nxd4 g6 5. c4 Nf6 6. f3 Nxd4 7. Qxd4 Bg7
8. Nc3 O-O 9. Qe3 d6 10. b3 a6 11. Bb2 Qa5 12. Be2 Bd7 13. O-O b5 14. c5 b4
15. e5 bxc3 16. exf6 Bxf6 17. Bc1 Qxc5 18. Qxc5 dxc5 19. Be3 Bd4 20. Kf2 e5
21. f4 f6 22. Bc4+ Kg7 23. Rfe1 Bb5 24. Bd5 Rad8 25. Bf3 exf4 26. Bxd4 cxd4
27. Rac1 Rfe8 28. a4 Bd3 29. Red1 Re3 30. g3 fxg3+ 31. hxg3 Rde8 32. b4
Rxf3+ 33. Kxf3 Be2+ 34. Kf2 Bxd1 35. Rxd1 c2 36. Rc1 d3 37. b5 axb5 38. axb5
d2 39. Rxc2 d1=Q 40. Rc7+ Kh6 41. b6 Qd2+ 42. Kf3 Qe2+ 43. Kf4 Qe4#
{White checkmated}
0-1